 Dungeon Crawl Stone Soup version 0.32-a0-361-g289a535e89 (webtiles) character file.

Game seed: 1265776366621507473

2388 dsb3zz the Nimble (level 9, -1/45 HPs)
             Began as a Gargoyle Earth Elementalist on Feb 18, 2024.
             Was a Believer of Fedhas.
             Slain by a yak (3 damage)
             ... on level 7 of the Dungeon on Feb 19, 2024.
             The game lasted 02:07:37 (6220 turns).

dsb3zz the Nimble (Gargoyle Earth Elementalist)     Turns: 6220, Time: 02:07:40

Health: -1/45      AC: 19    Str: 12    XL:     9   Next: 46%
Magic:  11/15      EV: 15    Int: 26    God:    Fedhas [**....]
Gold:   322        SH:  0    Dex: 14    Spells: 3/16 levels left

rFire   + + .        N - +6 quarterstaff "Voph" {spect, Fly}
rCold   . . .        (shield currently unavailable)
rNeg    + . .        i - +2 leather armour of Negligence {-Tele rF++ Dex+4}
rPois   ∞            Y - +2 hat
rElec   +            e - +2 cloak
rCorr   .            K - +1 pair of gloves
SInv    .            s - +0 pair of boots
Will    .....        a - amulet of magic regeneration
Stlth   ++           R - ring of wizardry
HPRegen 0.27/turn    y - +6 ring of intelligence
MPRegen 0.54/turn

%: no teleportation, wizardry (x1)
@: flying
A: sickness immunity, AC +6, negative energy resistance 1, electricity
resistance, torment resistance 1, petrification resistance
a: Renounce Religion, Wall of Briars


You were on level 7 of the Dungeon.
You worshipped Fedhas.
Fedhas was pleased with you.
You visited 1 branch of the dungeon, and saw 7 of its levels.
You also visited: Ossuary.

You collected 322 gold pieces.

Inventory:

Hand Weapons
 r - a +1 whip of electrocution
 F - a +0 dire flail of protection
 I - a +3 quarterstaff of chaos
 L - a +2 scythe of venom
 N - the +6 quarterstaff "Voph" (weapon) {spect, Fly}
   (You found it on level 6 of the Dungeon)

   Fly:       It grants you flight.
Missiles
 p - 60 stones
Armour
 e - a +2 cloak (worn)
 i - the +2 leather armour of Negligence (worn) {-Tele rF++ Dex+4}
   (You found it on level 5 of the Dungeon)

   Dex+4:     It affects your dexterity (+4).
   rF++:      It greatly protects you from fire.
   -Tele:     It prevents most forms of teleportation.
 s - a +0 pair of boots (worn)
 G - a +0 chain mail
 K - a +1 pair of gloves (worn)
 Y - a +2 hat (worn)
Magical Staves
 f - a staff of fire
 o - a staff of conjuration
 Z - a staff of cold
Jewellery
 a - an amulet of magic regeneration (around neck)
 l - an amulet of reflection
 n - an amulet of guardian spirit
 y - a +6 ring of intelligence (right hand)
 D - a ring of ice
 R - a ring of wizardry (left hand)
Wands
 H - a wand of flame (36)
 U - a wand of mindburst (31)
 W - a wand of acid (13)
Scrolls
 c - 2 scrolls of enchant weapon
 d - 2 scrolls of revelation
 h - 2 scrolls of blinking
 k - 3 scrolls of vulnerability
 u - 2 scrolls of fear {unknown}
 w - a scroll of fog {unknown}
 z - 2 scrolls of poison {unknown}
 B - 2 scrolls of teleportation
 O - a scroll of immolation {unknown}
 P - a scroll of acquirement {unknown}
 S - 3 scrolls of amnesia
 T - a scroll of brand weapon {unknown}
Potions
 j - a potion of berserk rage {unknown}
 m - 3 potions of might
 t - 3 potions of curing
 x - 5 potions of enlightenment
 A - 2 potions of haste
 C - a potion of degeneration {unknown}
 E - 3 potions of attraction
 J - a potion of mutation {unknown}
 M - a potion of ambrosia {unknown}
 Q - 2 potions of lignification {unknown}
 V - a potion of invisibility {unknown}
 X - a potion of brilliance {unknown}


   Skills:
 + Level 2.0 Staves
 + Level 9.0 Dodging
 - Level 2.5 Stealth
 - Level 4.2 Spellcasting
 - Level 1.1 Conjurations
 - Level 5.7 Earth Magic
 - Level 1.8 Evocations


You had 3 spell levels left.
You knew the following spells:

 Your Spells              Type           Power      Damage    Failure   Level
a - Sandblast             Erth           70%        2d15      1%          1
b - Passwall              Erth           35%        N/A       1%          3
c - Call Imp              Summ           10%        N/A       6%          2
d - Stone Arrow           Conj/Erth      46%        3d9       3%          3
e - Brom's Barrelling Bo  Conj/Erth      23%        2d4       11%         4

Your spell library contained the following spells:

 Spells                   Type           Power      Damage    Failure   Level
 Freeze                   Ice            20%        1d4       4%          1
 Necrotise                Necr           20%        1d5       4%          1
 Hailstorm                Conj/Ice       8%         3d5       11%         3
 Frozen Ramparts          Ice            10%        1d2       13%         3
 Tukima's Dance           Hex            5%         N/A       13%         3
 Vampiric Draining        Necr           5%         2d6       13%         3
 Petrify                  Alch/Erth      20%        N/A       13%         4
 Iskenderun's Mystic Bla  Conj/Tloc      8%         2d4       32%         4
 Dimensional Bullseye     Hex/Tloc       2%         N/A       38%         4
 Martyr's Knell           Necr/Summ      5%         N/A       38%         4
 Curse of Agony           Necr           5%         N/A       71%         5
 Summon Hydra             Summ           2%         N/A       100%        7
 Sublimation of Blood     Necr           Unusable   N/A       N/A         2

Dungeon Overview and Level Annotations

Branches:
Dungeon (7/15)             Temple (0/1) D:7         Ossuary (visited)

Altars:
Dithmenos
Fedhas
Makhleb
Xom
The Shining One


Innate Abilities, Weirdness & Mutations

You are immune to sickness and miasma.
Your stone body is resilient. (AC +6)
You are immune to poison.
You resist negative energy. (rN+)
You are resistant to electric shocks. (rElec)
You are resistant to unholy torment.
You are immune to petrification.


Message History

* * * LOW HITPOINT WARNING * * *
The gnoll sergeant barely misses you. The gnoll barely misses you.
The yak gores you but does no damage. The gnoll hits you but does no damage.
Your cerulean imp hits the gnoll sergeant from afar with a -4 spear.
Press: ? - help, v - describe, . - travel The floor.
Casting: Sandblast (safe; 1% risk of failure)
Confirm with . or Enter, or press ? or * to list all spells.
Aiming: Brom's Barrelling Boulder (quite dangerous; 11% risk of failure)
Press: ? - help, Dir - move target, p - gnoll sergeant Boulders only roll along the cardinals.
Okay, then.
The gnoll sergeant closely misses you.
The gnoll hits you from afar with a +0 halberd.
* * * LOW HITPOINT WARNING * * *
Your cerulean imp hits the gnoll sergeant but does no damage.
The gnoll attacks as it pursues you!
The gnoll hits you from afar with a +0 halberd.
* * * LOW HITPOINT WARNING * * *
The gnoll sergeant hits you from afar with a +0 trident!
* * * LOW HITPOINT WARNING * * *
Your cerulean imp completely misses the gnoll sergeant.
Casting: Brom's Barrelling Boulder (quite dangerous; 11% risk of failure)
Confirm with . or Enter, or press ? or * to list all spells.
You aren't next to any passable walls.
There are monsters nearby!
Hit: N) +6 quarterstaff "Voph" {spect, Fly}
Press: ? - help, Dir - move target, p - gnoll sergeant
Okay, then.
Casting: Passwall (safe; 1% risk of failure)
Confirm with . or Enter, or press ? or * to list all spells.
Aiming: Stone Arrow (dangerous; 3% risk of failure)
Press: ? - help, Shift-Dir - straight line, f - yak, p - gnoll sergeant
Aim: a yak (83% to hit)
The stone arrow hits the yak!
The yak is lightly wounded.
The gnoll sergeant hits you but does no damage.
The gnoll closely misses you. x2; The yak closely misses you.
The yak gores you.
You die...
Fedhas appreciates your contribution to the ecosystem.

,*,,,*,>,***~,_,,',,,*
,+,,,*,,,**⌠~,,,~*~*,*
**+*********~,,,~*~*,*
**,****,##**~~~~~*~,,*
,,,,,,,,#.#**⌠*⌠**~,,**
,,,,,,,,#..#####*~~,,,*
*<,.##..*#.....####..#####
*,,,.)..##.....#####+######
,,,,>........YgY@#...######
,,,,,,$.....)YgY.#...######
,,,,**#)##...ßg.###..######
,,,,*##.##'..).5###..######
,,,.g#.>...ß.).ß......#####
,,,..'...)[...........#####
,,,..#.......ß.......######
**,,,##.......<#.....######
******#####################


You could see 4 yaks, a gnoll sergeant (ally target), 2 gnolls and a friendly
cerulean imp (summoned).

Vanquished Creatures
  Pikel (D:5)
  Prince Ribbit (D:6)
  Sigmund (D:2)
  Edmund (D:5)
  Menkaure (Ossuary)
  An ice beast (D:5)
  A centaur (D:7)
  A phantom (D:6)
  4 lemures
  Blork the orc (D:6)
  2 bullfrogs (D:6)
  A scorpion (D:5)
  A howler monkey (D:5)
  2 hounds (D:4)
  A jelly (D:7)
  An orc priest (D:7)
  Crazy Yiuf (D:2)
  Jessica (D:2)
  2 iguanas
  An orc wizard (D:7)
  3 mummies (Ossuary)
  Robin (D:4)
  13 gnolls
  7 adders
  2 shadow imps
  2 ribbon worms
  2 dart slugs
  10 orcs
  7 endoplasms
  3 giant cockroaches (D:1)
  6 gnoll zombies (Ossuary)
  16 goblins
  9 hobgoblins
  9 jackals
  6 quokkas
  5 ball pythons
  8 bats
  3 frilled lizards
  3 gnoll skeletons (Ossuary)
  7 goblin skeletons (Ossuary)
  8 goblin zombies (Ossuary)
  3 hobgoblin skeletons (Ossuary)
  A hobgoblin zombie (Ossuary)
  7 kobolds
  4 kobold skeletons (Ossuary)
  6 kobold zombies (Ossuary)
  4 orc skeletons (Ossuary)
  4 orc zombies (Ossuary)
  8 rats
  4 rat skeletons (Ossuary)
197 creatures vanquished.

Vanquished Creatures (collateral kills)
  A gnoll (D:7)
1 creature vanquished.

Vanquished Creatures (others)
  A sleepcap (D:6)
1 creature vanquished.

Grand Total: 199 creatures vanquished

Notes
Turn   | Place    | Note
-------+----------+-------------------------------------------
     0 | D:1      | dsb3zz the Gargoyle Earth Elementalist began the quest for
                  | the Orb.
     0 | D:1      | Reached XP level 1. HP: 10/10 MP: 3/3
   113 | D:1      | Reached XP level 2. HP: 11/15 MP: 1/5
   310 | D:1      | Reached XP level 3. HP: 16/19 MP: 1/6
   597 | D:1      | Reached XP level 4. HP: 24/24 MP: 2/8
   792 | D:1      | Learned a level 3 spell: Passwall
   795 | D:1      | Learned a level 2 spell: Call Imp
   799 | D:1      | Learned a level 3 spell: Stone Arrow
  1331 | D:2      | Noticed Jessica
  1351 | D:2      | Killed Jessica
  1352 | D:2      | Reached skill level 5 in Earth Magic
  1352 | D:2      | Reached skill level 1 in Evocations
  1352 | D:2      | Reached XP level 5. HP: 27/28 MP: 4/10
  1420 | D:2      | Found a runed translucent door.
  1421 | D:2      | Noticed Crazy Yiuf
  1428 | D:2      | Killed Crazy Yiuf
  1453 | D:2      | Noticed Sigmund
  1464 | D:2      | Killed Sigmund
  1465 | D:2      | Reached skill level 2 in Dodging
  1465 | D:2      | Reached XP level 6. HP: 22/32 MP: 0/12
  2064 | D:3      | Found a shimmering altar of Xom.
  2770 | D:4      | Reached skill level 3 in Dodging
  2770 | D:4      | Reached XP level 7. HP: 34/36 MP: 9/13
  3125 | D:4      | Noticed Robin
  3139 | D:4      | Killed Robin
  3307 | D:4      | Reached skill level 4 in Dodging
  3934 | D:5      | Entered Level 5 of the Dungeon
  4227 | D:5      | Found a blossoming altar of Fedhas.
  4234 | D:5      | Became a worshipper of Fedhas Madash
  4263 | D:5      | Reached skill level 5 in Dodging
  4270 | D:5      | Reached XP level 8. HP: 40/41 MP: 6/14
  4301 | D:5      | Found a burning altar of Makhleb.
  4304 | D:5      | Found a shadowy altar of Dithmenos.
  4306 | D:5      | Found a glowing golden altar of the Shining One.
  4530 | D:5      | Identified the +2 leather armour of Negligence {-Tele rF++
                  | Dex+4}
  4760 | D:6      | Noticed Edmund
  4790 | D:5      | Killed Edmund
  4791 | D:5      | Reached skill level 6 in Dodging
  4948 | D:6      | Noticed Pikel
  4949 | D:6      | Noticed Prince Ribbit
  5017 | D:5      | Killed Pikel
  5018 | D:5      | Reached skill level 7 in Dodging
  5179 | D:6      | Identified the +6 quarterstaff "Voph" {spect, Fly}
  5184 | D:6      | Killed Prince Ribbit
  5185 | D:6      | Reached skill level 8 in Dodging
  5185 | D:6      | Reached XP level 9. HP: 34/45 MP: 11/15
  5348 | D:6      | Learned a level 4 spell: Brom's Barrelling Boulder
  5361 | D:6      | Noticed Blork the orc
  5363 | D:6      | Killed Blork the orc
  5848 | D:7      | Found a sand-covered staircase.
  5882 | Ossuary  | Entered an ossuary
  5917 | Ossuary  | Reached * piety under Fedhas
  6093 | Ossuary  | Reached skill level 1 in Staves
  6127 | Ossuary  | Noticed Menkaure
  6129 | Ossuary  | Killed Menkaure
  6196 | D:7      | Reached ** piety under Fedhas
  6210 | D:7      | Reached skill level 9 in Dodging
  6219 | D:7      | HP: 2/45 [gnoll sergeant/+0 trident (8)]
  6220 | D:7      | Slain by a yak

Illustrated notes

Levels and vault maps discovered:
D:1:      lightli_arrival_lavapool, layout_basic
D:2:      layout_loops_cross, minmay_split_cup_large, uniq_crazy_yiuf_cottage,
          uniq_sigmund, uniq_jessica
D:3:      layout_loops_cross, xom_teletrap_fun
D:4:      layout_loops_corners, chequers_garden, uniq_robin
D:5:      layout_basic, nicolae_overflow_crystal_walls, minitemple
D:6:      layout_loops_ring, corner_web_ring, uniq_pikel, uniq_blork_the_orc,
          uniq_prince_ribbit1, uniq_edmund
D:7:      layout_gridville, lightli_temple_of_fire,
          minmay_temple_entry_offerings, nicolae_ossuary_entry_monument

Skill      XL: |  1  2  3  4  5  6  7  8  9 |
---------------+----------------------------+-----
Earth Magic    | 4 5 |  5.7
Spellcasting   | 3 4 |  4.2
Evocations     | 1 |  1.8
Dodging        | 2 3 5 8 9 |  9.0
Staves         | 2 |  2.0
Stealth        | |  2.5
Conjurations   | |  1.1

Action                     |  1- 3 |  4- 6 |  7- 9 || total
---------------------------+-------+-------+-------++-------
  Melee: Mace              |     1 |       |       ||     1
         Staff             |       |     1 |    10 ||    11
         Quarterstaff      |       |     4 |     3 ||     7
  Throw: Dart              |       |     1 |       ||     1
   Cast: Sandblast         |    39 |    77 |   188 ||   304
         Passwall          |       |     1 |     3 ||     4
         Stone Arrow       |       |       |    16 ||    16
         Call Imp          |       |       |     2 ||     2
  Evoke: Wand              |       |       |     8 ||     8
    Use: Scroll            |       |     7 |     6 ||    13
         Potion            |       |       |     5 ||     5
 Armour: Robe              |    27 |    12 |       ||    39
         Ring mail         |       |    11 |    35 ||    46
         Leather armour    |       |       |   112 ||   112
  Dodge: Dodged            |    31 |    22 |   149 ||   202
  Block: Other             |     2 |     9 |    30 ||    41

Table legend: (Time is in decaauts)
 A = Elapsed time spent in this place.
 B = Non-inter-level travel time spent in this place.
 C = Inter-level travel time spent in this place.
 D = Time resting spent in this place.
 E = Time spent auto-exploring this place.
 F = Levels seen in this place.
 G = Mean time per level.
                   A        B        C        D        E       F      G
               +--------+--------+--------+--------+--------+-----+--------+
         Total |   6369 |   6359 |     10 |    920 |     24 |   8 |  796.1 |
       Dungeon |   6031 |   6021 |     10 |    920 |     24 |   7 |  861.6 |
       Ossuary |    337 |    337 |      0 |      0 |      0 |   1 |  337.0 |
               +--------+--------+--------+--------+--------+-----+--------+

Top non-repeatable levels by time:
     D:4: 1330 daAuts
     D:1: 1096 daAuts
     D:5: 1083 daAuts
     D:2: 921 daAuts
     D:6: 863 daAuts
     D:3: 661 daAuts
 Ossuary: 337 daAuts
     D:7: 74 daAuts
